 Dungeon Crawl Stone Soup version 0.27-a0-585-g945025970d (webtiles) character file.

Game seed: 15313454021283022421

11340 Azunone the Protected (level 11, -6/89 HPs)
             Began as a Gnoll Wanderer on Mar 10, 2021.
             Was an Initiate of Gozag.
             Mangled by a polar bear (21 damage)
             ... in an ice cave.
             The game lasted 00:47:13 (17909 turns).

Azunone the Protected (Gnoll Wanderer)             Turns: 17909, Time: 00:47:14

Health: -6/89      AC: 13    Str: 15    XL:     11   Next: 76%
Magic:  0/20       EV: 12    Int: 12    God:    Gozag
Gold:   2132       SH:  6    Dex: 17    Spells: 20/23 levels left

rFire    . . .     SeeInvis .   B - +2 trident (vamp)
rCold    . . .     Faith    .   c - +0 buckler
rNeg     . . .     Spirit   +   d - +2 scale mail
rPois    +         Reflect  .   n - +0 helmet
rElec    .         Harm     .   (no cloak)
rCorr    .         Rampage  .   o - +0 pair of gloves
Will     .....                  (no boots)
Stlth    ++........             q - amulet of guardian spirit
HPRegen  0.24/turn              j - ring of poison resistance
MPRegen  0.17/turn              m - +6 ring of dexterity

@: no status effects
A: fangs 1, strong nose, distributed training
a: Renounce Religion, Potion Petition, Call Merchant, Bribe Branch


You were in an ice cave.
You worshipped Gozag.
Gozag was most pleased with you.
You visited 2 branches of the dungeon, and saw 12 of its levels.
You also visited: Ice Cave.

You collected 2194 gold pieces.
You paid 62 gold pieces to Gozag.

Inventory:

Hand Weapons
 a - a +0 vorpal trident
 f - a +0 short sword of protection
 B - a +2 vampiric trident (weapon)
 H - a +0 battleaxe
 I - a +3 halberd
 J - a +3 falchion
 Q - a +0 shortbow
Missiles
 w - 17 boomerangs (quivered)
 x - 201 arrows
 D - 3 curare-tipped darts
 E - 2 javelins
 S - 23 poisoned darts
Armour
 c - a +0 buckler (worn)
 d - a +2 scale mail (worn)
 n - a +0 helmet (worn)
 o - a +0 pair of gloves (worn)
Jewellery
 h - a +6 ring of intelligence
 j - a ring of poison resistance (left hand)
 k - an amulet of reflection
 m - a +6 ring of dexterity (right hand)
 q - an amulet of guardian spirit (around neck)
 u - a +6 ring of dexterity
 y - a ring of resist corrosion
 G - a ring of willpower
 L - a ring of flight
Wands
 F - a wand of iceblast (3)
 M - a wand of paralysis (4)
Scrolls
 b - 4 scrolls of teleportation
 l - 3 scrolls of enchant weapon {unknown}
 p - a scroll of blinking {unknown}
 r - 2 scrolls of amnesia {unknown}
 v - 3 scrolls of magic mapping {unknown}
 A - 2 scrolls of enchant armour {unknown}
 N - a scroll of silence {unknown}
 O - a scroll of fog
 P - a scroll of acquirement {unknown}
 R - a scroll of noise
 U - a scroll of immolation {unknown}
Potions
 e - 5 potions of degeneration
 g - 3 potions of brilliance
 i - 3 potions of curing
 s - 2 potions of might
 t - 4 potions of attraction
 z - 3 potions of lignification
 C - 2 potions of magic
 K - a potion of ambrosia
 T - a potion of mutation {unknown}


   Skills:
 + Level 9.3 Fighting
 + Level 6.6 Short Blades
 + Level 6.6 Long Blades
 + Level 8.1 Axes
 + Level 6.6 Maces & Flails
 + Level 6.6 Polearms
 + Level 6.6 Staves
 + Level 6.6 Slings
 + Level 6.6 Bows
 + Level 6.6 Crossbows
 + Level 6.6 Throwing
 + Level 9.3 Armour
 + Level 6.6 Dodging
 + Level 7.0 Stealth
 + Level 7.1 Shields
 + Level 6.6 Unarmed Combat
 + Level 6.6 Spellcasting
 + Level 5.4 Conjurations
 + Level 5.4 Hexes
 + Level 5.4 Summonings
 + Level 5.4 Necromancy
 + Level 5.4 Translocations
 + Level 5.4 Transmutations
 + Level 5.4 Fire Magic
 + Level 5.4 Ice Magic
 + Level 5.4 Air Magic
 + Level 5.4 Earth Magic
 + Level 5.4 Poison Magic
 + Level 7.2 Invocations
 + Level 6.6 Evocations


You had 20 spell levels left.
You knew the following spells:

 Your Spells              Type           Power      Damage    Failure   Level
a - Wereblood             Tmut           17%        N/A       9%          2
b - Beastly Appendage     Tmut           34%        N/A       5%          1

Your spell library contained the following spells:

 Spells                   Type           Power      Damage    Failure   Level
 Spider Form              Tmut/Pois      8%         N/A       17%         3
 Ice Form                 Ice/Tmut       17%        N/A       50%         4
 Blade Hands              Tmut           8%         N/A       83%         5
 Bolt of Magma            Conj/Fire/Erth 8%         4d6       83%         5
 Iskenderun's Battlesphe  Conj           17%        2d7       83%         5
 Iron Shot                Conj/Erth      8%         9d3       100%        6
 Orb of Destruction       Conj           8%         9d4       100%        7
 Spellforged Servitor     Conj/Summ      8%         N/A       100%        7


Dungeon Overview and Level Annotations

Branches:
Dungeon (11/15)            Temple (1/1) D:4            Lair (0/6) D:8
    Orc (0/2) D:9           IceCv (1/1)

Altars:
Dithmenos
Elyvilon
Fedhas
Gozag
Hepliaklqana
Nemelex Xobeh
Okawaru
Ru
Sif Muna
Trog
Xom
Yredelemnul


Innate Abilities, Weirdness & Mutations

You have very sharp teeth.
Your uncanny sense of smell can sniff out nearby items.
Your experience applies equally to all skills.


Message History

The polar bear bites you but does no damage.
The polar bear barely misses you. x2
You hit the polar bear but do no damage.
The polar bear is almost dead.
The polar bear looks more energetic.
Your scale mail prevents you from hitting the polar bear.
The polar bear is almost dead.
You block the polar bear's attack.
The polar bear claws you but does no damage.
You block the polar bear's attack.
You hit the polar bear but do no damage.
You bite the polar bear, but do no damage.
The polar bear is almost dead.
The polar bear goes berserk!
You hit the polar bear but do no damage.
You bite the polar bear, but do no damage.
The polar bear is almost dead.
The polar bear bites you!
* * * LOW HITPOINT WARNING * * *
The polar bear claws you but does no damage.
You block the polar bear's attack.
The polar bear bites you but does no damage.
The polar bear claws you but does no damage.
You block the polar bear's attack. The polar bear bites you!
* * * LOW HITPOINT WARNING * * *
The polar bear claws you but does no damage. x2
The polar bear bites you but does no damage.
You block the polar bear's attack. x2
The polar bear rages.
The polar bear bites you!
* * * LOW HITPOINT WARNING * * *
The polar bear claws you but does no damage.
The polar bear misses you.
You feel better. The polar bear closely misses you. The polar bear claws you.
* * * LOW HITPOINT WARNING * * *
The polar bear claws you but does no damage.
The polar bear bites you!!
You die...
Your body crumbles into a pile of gold. #..#......## #...##.[.).## ###.#####..####.h#...⌠...# #....#....####.........# #######.###..# ##..h###### .#...#####...## ###Y.#######.# )...#..#####..### #hhh#$Yhh.#

..####.$#
###..####.#.#
#..###..#
##h.####.##
#..##...## ##@.###..
#...##.°.##
####..#####
...####○..# ##..#..#
.####.#.#####...#.##
## #.#.##...##.## #
##°...####### ######


You could see a polar bear (berserk).

Vanquished Creatures
  A death yak (IceCv)
  Psyche (D:10)
  3 rime drakes
  7 polar bears (IceCv)
  2 trolls
  6 yaks (IceCv)
  Menkaure (D:6)
  An acid dragon (D:11)
  2 water moccasins
  A sky beast (D:6)
  A black bear (D:10)
  3 ice beasts
  2 necrophages
  9 orc warriors
  5 ogres
  An eye of draining (D:9)
  16 wolves (IceCv)
  5 centaurs
  A kobold brigand (D:9)
  A wyvern zombie (D:8)
  4 bullfrogs
  A water moccasin skeleton (D:5)
  12 killer bees
  7 howler monkeys
  5 wights (D:6)
  A centaur zombie (D:7)
  4 orc priests
  6 hounds
  2 jellies
  2 bullfrog skeletons
  15 orc wizards
  2 iguanas
  6 worker ants
  A killer bee zombie (D:6)
  8 adders
  6 white imps
  3 ufetubi
  An ooze (D:7)
  An adder skeleton (D:6)
  2 adder zombies
  3 worms
  3 dart slugs
  8 leopard geckos
  57 orcs
  5 giant cockroaches
  9 goblins
  5 hobgoblins
  6 jackals
  15 kobolds
  5 quokkas
  5 bats
  3 frilled lizards
  A leopard gecko skeleton (D:7)
  A quokka skeleton (D:5)
  11 rats
  A spectral orc (D:6)
296 creatures vanquished.

Vanquished Creatures (others)
  11 plants
11 creatures vanquished.

Grand Total: 307 creatures vanquished

Notes
Turn   | Place    | Note
-------+----------+-------------------------------------------
     0 | D:1      | Azunone the Gnoll Wanderer began the quest for the Orb.
     0 | D:1      | Azunone set off with the following items: a +0 club, a
                  | scroll of teleportation, a +0 buckler, a +2 scale mail
     0 | D:1      | Reached XP level 1. HP: 23/23 MP: 1/1
    97 | D:1      | Reached XP level 2. HP: 8/29 MP: 2/2
   981 | D:1      | Reached XP level 3. HP: 33/35 MP: 3/3
  1548 | D:2      | Found a shimmering blue altar of Sif Muna.
  1771 | D:2      | Reached skill level 1 in Invocations
  1853 | D:2      | Found a shimmering altar of Xom.
  2222 | D:2      | Reached skill level 1 in Short Blades
  2222 | D:2      | Reached skill level 1 in Long Blades
  2222 | D:2      | Reached skill level 1 in Maces & Flails
  2222 | D:2      | Reached skill level 1 in Polearms
  2222 | D:2      | Reached skill level 1 in Staves
  2222 | D:2      | Reached skill level 1 in Slings
  2222 | D:2      | Reached skill level 1 in Bows
  2222 | D:2      | Reached skill level 1 in Crossbows
  2222 | D:2      | Reached skill level 1 in Throwing
  2222 | D:2      | Reached skill level 1 in Dodging
  2222 | D:2      | Reached skill level 1 in Unarmed Combat
  2222 | D:2      | Reached skill level 1 in Spellcasting
  2222 | D:2      | Reached skill level 1 in Evocations
  2420 | D:2      | Reached XP level 4. HP: 39/41 MP: 5/5
  3257 | D:3      | Reached skill level 1 in Conjurations
  3257 | D:3      | Reached skill level 1 in Hexes
  3257 | D:3      | Reached skill level 1 in Summonings
  3257 | D:3      | Reached skill level 1 in Necromancy
  3257 | D:3      | Reached skill level 1 in Translocations
  3257 | D:3      | Reached skill level 1 in Transmutations
  3257 | D:3      | Reached skill level 1 in Fire Magic
  3257 | D:3      | Reached skill level 1 in Ice Magic
  3257 | D:3      | Reached skill level 1 in Air Magic
  3257 | D:3      | Reached skill level 1 in Earth Magic
  3257 | D:3      | Reached skill level 1 in Poison Magic
  3496 | D:4      | Reached XP level 5. HP: 44/47 MP: 6/6
  3597 | D:4      | Found a shadowy altar of Dithmenos.
  3961 | D:4      | Found a staircase to the Ecumenical Temple.
  4072 | Temple   | Entered the Ecumenical Temple
  4078 | Temple   | Became a worshipper of Gozag Ym Sagoz the Greedy
  4218 | D:4      | Reached XP level 6. HP: 53/53 MP: 8/8
  4485 | D:5      | Entered Level 5 of the Dungeon
  4583 | D:5      | Reached skill level 5 in Axes
  7201 | D:6      | Found an iron altar of Okawaru.
  7223 | D:6      | Reached XP level 7. HP: 57/59 MP: 10/10
  7249 | D:6      | Found a bloodstained altar of Trog.
  7319 | D:6      | Found a basalt altar of Yredelemnul.
  7654 | D:6      | Noticed Menkaure
  7678 | D:6      | Killed Menkaure
  7801 | D:6      | Found a shimmering altar of Xom.
  7988 | D:6      | Reached XP level 8. HP: 28/67 MP: 12/12
  9727 | D:7      | Reached XP level 9. HP: 51/72 MP: 14/14
 10293 | D:7      | Reached skill level 5 in Shields
 10634 | D:7      | Found a sparkling altar of Nemelex Xobeh.
 10737 | D:7      | Reached skill level 5 in Stealth
 11470 | D:8      | Reached skill level 5 in Invocations
 11842 | D:8      | Found a staircase to the Lair.
 11868 | D:8      | Reached XP level 10. HP: 76/80 MP: 17/17
 12414 | D:8      | Reached skill level 5 in Short Blades
 12414 | D:8      | Reached skill level 5 in Long Blades
 12414 | D:8      | Reached skill level 5 in Maces & Flails
 12414 | D:8      | Reached skill level 5 in Polearms
 12414 | D:8      | Reached skill level 5 in Staves
 12414 | D:8      | Reached skill level 5 in Slings
 12414 | D:8      | Reached skill level 5 in Bows
 12414 | D:8      | Reached skill level 5 in Crossbows
 12414 | D:8      | Reached skill level 5 in Throwing
 12414 | D:8      | Reached skill level 5 in Dodging
 12414 | D:8      | Reached skill level 5 in Unarmed Combat
 12414 | D:8      | Reached skill level 5 in Spellcasting
 12414 | D:8      | Reached skill level 5 in Evocations
 12772 | D:8      | Learned a level 2 spell: Wereblood
 12774 | D:8      | Learned a level 1 spell: Beastly Appendage
 13007 | D:9      | Found a hazy altar of Hepliaklqana.
 13065 | D:9      | Found a sacrificial altar of Ru.
 13244 | D:9      | Found a white marble altar of Elyvilon.
 13409 | D:9      | Found an iron altar of Okawaru.
 13620 | D:9      | Found a staircase to the Orcish Mines.
 13997 | D:9      | Found a blossoming altar of Fedhas.
 14057 | D:10     | Entered Level 10 of the Dungeon
 15181 | D:10     | Noticed Psyche
 15205 | D:10     | Killed Psyche
 15746 | D:11     | Reached XP level 11. HP: 29/87 MP: 19/19
 15746 | D:11     | Found a frozen archway.
 15758 | IceCv    | Entered an ice cave
 16056 | IceCv    | Reached skill level 5 in Conjurations
 16056 | IceCv    | Reached skill level 5 in Hexes
 16056 | IceCv    | Reached skill level 5 in Summonings
 16056 | IceCv    | Reached skill level 5 in Necromancy
 16056 | IceCv    | Reached skill level 5 in Translocations
 16056 | IceCv    | Reached skill level 5 in Transmutations
 16056 | IceCv    | Reached skill level 5 in Fire Magic
 16056 | IceCv    | Reached skill level 5 in Ice Magic
 16056 | IceCv    | Reached skill level 5 in Air Magic
 16056 | IceCv    | Reached skill level 5 in Earth Magic
 16056 | IceCv    | Reached skill level 5 in Poison Magic
 17524 | IceCv    | Noticed a death yak
 17581 | IceCv    | Killed a death yak
 17909 | IceCv    | Mangled by a polar bear

Illustrated notes

Levels and vault maps discovered:
D:1:      dpeg_arrival_signposts, layout_basic, serial_forest,
          infiniplex_forest_lined_3, infiniplex_forest_clump_small,
          infiniplex_forest_clump_diagonal, infiniplex_forest_lined_3,
          infiniplex_forest_straight_2, infiniplex_forest_straight_2
D:2:      layout_basic, nicolae_sif_muna_condensation, lemuel_altar_in_water2
D:3:      layout_loops_cross
D:4:      layout_basic, nicolae_dithmenos_shadow_blocks,
          minmay_temple_entry_junction, chequers_serial_rivers_small_b,
          minmay_stone_trees_small
D:5:      lemuel_ice_spiral_2, layout_basic, serial_bayou_crossing
D:6:      layout_gridville, yredelemnul_forgotten_temple_becter,
          lightli_temple_of_fire, lemuel_crystal_altar, basic_altar,
          uniq_menkaure
D:7:      layout_loops_ring, wad_floor_pattern_untrapped,
          nemelex_dance_club_becter
D:8:      layout_gridville, lair_entry_dummy
D:9:      layout_basic, fedhas_altar_decomposition, elyvilon_altar_3,
          marbit_many_paths, old_standard_altar, david_orc_2, okawaru_gym_becter
D:10:     layout_roguey, uniq_psyche
D:11:     layout_roguey, portal_ice_cave_rime, nicolae_barding_shop
Temple:   dshaligram_water_room_temple
IceCv:    ice_cave_caverns_03

Skill      XL: |  1  2  3  4  5  6  7  8  9 10 11 |
---------------+----------------------------------+-----
Invocations    | 1 2 3 4 5 6 7 |  7.2
Short Blades   | 1 2 3 4 5 6 |  6.6
Long Blades    | 1 2 3 4 5 6 |  6.6
Maces & Flails | 1 2 3 4 5 6 |  6.6
Polearms       | 1 2 3 4 5 6 |  6.6
Staves         | 1 2 3 4 5 6 |  6.6
Slings         | 1 2 3 4 5 6 |  6.6
Bows           | 1 2 3 4 5 6 |  6.6
Crossbows      | 1 2 3 4 5 6 |  6.6
Throwing       | 1 2 3 4 5 6 |  6.6
Dodging        | 1 2 3 4 5 6 |  6.6
Unarmed Combat | 1 2 3 4 5 6 |  6.6
Spellcasting   | 1 2 3 4 5 6 |  6.6
Evocations     | 1 2 3 4 5 6 |  6.6
Conjurations   | 1 2 3 4 5 |  5.4
Hexes          | 1 2 3 4 5 |  5.4
Summonings     | 1 2 3 4 5 |  5.4
Necromancy     | 1 2 3 4 5 |  5.4
Translocations | 1 2 3 4 5 |  5.4
Transmutations | 1 2 3 4 5 |  5.4
Fire Magic     | 1 2 3 4 5 |  5.4
Ice Magic      | 1 2 3 4 5 |  5.4
Air Magic      | 1 2 3 4 5 |  5.4
Earth Magic    | 1 2 3 4 5 |  5.4
Poison Magic   | 1 2 3 4 5 |  5.4
Shields        | 3 4 5 6 7 |  7.1
Stealth        | 3 4 5 6 7 |  7.0
Axes           | 5 6 7 8 |  8.1
Fighting       | 7 8 9 |  9.3
Armour         | 7 8 9 |  9.3

Action                   |  1- 3 |  4- 6 |  7- 9 | 10-12 || total
-------------------------+-------+-------+-------+-------++-------
Melee: Club              |   172 |       |       |       ||   172
       Bite              |    15 |    38 |    75 |   110 ||   238
       Short sword       |    61 |   233 |       |       ||   294
       Hand axe          |       |    97 |   121 |       ||   218
       Falchion          |       |       |   350 |   226 ||   576
       Trident           |       |       |       |   510 ||   510
Throw: Boomerang         |       |       |    35 |    20 ||    55
       Dart              |       |       |     3 |     4 ||     7
       Javelin           |       |       |       |     1 ||     1
 Cast: Wereblood         |       |       |       |    11 ||    11
Evoke: Wand              |       |       |    13 |    19 ||    32
  Use: Scroll            |       |       |     8 |     3 ||    11
       Potion            |       |       |     2 |     8 ||    10
 Stab: Sleeping          |       |       |     3 |     6 ||     9
       Distracted        |       |       |     2 |     4 ||     6
       Paralysed         |       |       |       |     9 ||     9
Armor: Scale mail        |   133 |   113 |   163 |   270 ||   679
Dodge: Dodged            |   107 |   102 |   188 |   338 ||   735
Block: Buckler           |    73 |   170 |   265 |   391 ||   899
       Reflection        |       |       |     8 |     4 ||    12
       Rpst.: Falchion   |       |       |    54 |    20 ||    74

Table legend: (Time is in decaauts)
 A = Elapsed time spent in this place.
 B = Non-inter-level travel time spent in this place.
 C = Inter-level travel time spent in this place.
 D = Time resting spent in this place.
 E = Time spent auto-exploring this place.
 F = Levels seen in this place.
 G = Mean time per level.
                   A        B        C        D        E       F      G
               +--------+--------+--------+--------+--------+-----+--------+
         Total |  18034 |  17566 |    468 |   3152 |  10879 |  13 | 1387.2 |
       Dungeon |  15875 |  15407 |    468 |   1712 |  10879 |  11 | 1443.2 |
        Temple |     12 |     12 |      0 |      0 |      0 |   1 |   12.0 |
      Ice Cave |   2146 |   2146 |      0 |   1439 |      0 |   1 | 2146.0 |
               +--------+--------+--------+--------+--------+-----+--------+

Top non-repeatable levels by time:
     D:5: 2678 daAuts
     D:6: 2470 daAuts
   IceCv: 2146 daAuts
     D:7: 1871 daAuts
     D:1: 1538 daAuts
     D:8: 1353 daAuts
    D:10: 1301 daAuts
     D:2: 1265 daAuts
     D:9: 1264 daAuts
     D:4: 1002 daAuts
     D:3: 735 daAuts
    D:11: 393 daAuts
  Temple: 12 daAuts
